 Dungeon Crawl Stone Soup version 0.27-a0-1431-gcffa5a9b16 (webtiles) character file.

Game seed: 13763395639668413531

114 Wyvernaa the Skirmisher (level 4, 0/37 HPs)
             Began as a Demonspawn Fighter on July 2, 2021.
             Slain by an orc (5 damage)
             ... on level 3 of the Dungeon.
             The game lasted 00:05:47 (1953 turns).

Wyvernaa the Skirmisher (Demonspawn Fighter)        Turns: 1953, Time: 00:05:50

Health: 0/37       AC:  8    Str: 17    XL:     4   Next: 67%
Magic:  4/4        EV:  7    Int: 10    God:
Gold:   87         SH:  9    Dex: 12    Spells: 3/3 levels left

rFire    . . .     SeeInvis .   a - +2 trident (venom)
rCold    . . .     Faith    .   c - +0 kite shield
rNeg     . . .     Spirit   .   b - +0 scale mail
rPois    .         Reflect  .   l - +0 helmet
rElec    .         Harm     .   (no cloak)
rCorr    .         Rampage  .   (no gloves)
Will     .....                  (no boots)
Stlth    ..........             k - amulet of regeneration
HPRegen  1.12/turn              (no ring)
MPRegen  0.09/turn              (no ring)

@: mighty
A: hooves 1, sturdy frame 1
a: no special abilities


You were on level 3 of the Dungeon.
You visited 1 branch of the dungeon, and saw 3 of its levels.

You collected 87 gold pieces.

Inventory:

Hand Weapons
 a - a +2 trident of venom (weapon)
Armour
 b - a +0 scale mail (worn)
 c - a +0 kite shield (worn)
 l - a +0 helmet (worn)
Jewellery
 k - an amulet of regeneration (around neck)
Potions
 d - a potion of might
 e - a potion of mutation
 f - a potion of resistance {unknown}
 g - 2 potions of haste
 i - a potion of invisibility {unknown}
 j - a potion of lignification {unknown}
 m - a potion of cancellation {unknown}
 n - 2 potions of degeneration {unknown}


   Skills:
 + Level 3.7 Fighting
 + Level 2.7 Polearms
 + Level 3.4 Armour
 + Level 0.4 Dodging
 + Level 0.1 Stealth
 + Level 3.1 Shields


You had 3 spell levels left.
You didn't know any spells.
Your spell library was empty.

Dungeon Overview and Level Annotations

Branches:
Dungeon (3/15)

Altars:


Innate Abilities, Weirdness & Mutations

You have large cloven feet.
Your movements are slightly less encumbered by armour. (ER -2)


Message History

It was a potion of curing.
You feel better.
You kill the orc!
The orc priest hits you but does no damage.
The orc hits you with a +0 falchion. The orc closely misses you.
The orc hits you with a +0 flail.
You closely miss the orc priest. Your kick misses the orc priest.
The orc priest hits you with a +0 club. The orc hits you but does no damage.
You block the orc's attack. The orc barely misses you.
You hit the orc priest.
The orc priest is poisoned.
Your kick misses the orc priest.
The orc priest is lightly wounded.
The orc priest hits you but does no damage.
The orc hits you but does no damage. You block the orc's attack.
The orc hits you with a +0 flail. The orc priest hits you with a +0 club.
* * * LOW HITPOINT WARNING * * *
The orc barely misses you. x2; You block the orc's attack.
You feel better. You block the orc priest's attack. The orc barely misses you.
The orc hits you but does no damage. The orc closely misses you.
You feel very mighty all of a sudden.
The orc priest hits you but does no damage.
You block the orc's attack. The orc hits you with a +0 dagger.
The orc hits you with a +0 flail.
You closely miss the orc priest. Your kick misses the orc priest.
The orc priest is heavily wounded.
The orc priest hits you with a +0 club. The orc hits you but does no damage. x2
You block the orc's attack.
You hit the orc priest.
The orc priest looks as sick as possible!
Your kick misses the orc priest.
The orc priest is almost dead.
The orc priest invokes the aid of Beogh against you.
Beogh smites you!
* * * LOW HITPOINT WARNING * * *
The orc hits you but does no damage. You block the orc's attack. x2
The orc priest calls down the wrath of Beogh upon you.
You barely resist. You block the orc's attack.
The orc hits you with a +0 dagger.
* * * LOW HITPOINT WARNING * * *
The orc hits you with a +0 flail.
You die...

#.......! #.........
#..........
##+#########..........
#..........$..........
#.....................
#.....................
#.....ooo.............
#.....o@).............
#.....................
#............#'#######
##+###########.# #.#
#.# #.# #.# ##### #.#


You could see an orc priest (extremely poisoned) and 3 orcs.

Vanquished Creatures
  2 adders (D:2)
  A gnoll (D:1)
  3 dart slugs (D:1)
  4 orcs (D:3)
  9 ball pythons
  6 bats
  5 endoplasms
  5 giant cockroaches
  7 goblins
  9 hobgoblins
  5 kobolds
  5 quokkas
  2 frilled lizards
  A jackal skeleton (D:2)
  4 rats
  A bush (D:1)
69 creatures vanquished.

Notes
Turn   | Place    | Note
-------+----------+-------------------------------------------
     0 | D:1      | Wyvernaa the Demonspawn Fighter began the quest for the
                  | Orb.
     0 | D:1      | Reached XP level 1. HP: 18/18 MP: 1/1
    47 | D:1      | Gained mutation: Your movements are slightly less
                  | encumbered by armour. (ER -2) [demonic ancestry]
    47 | D:1      | Reached XP level 2. HP: 24/24 MP: 2/2
   386 | D:1      | You fall into a shaft and drop 1 floor!
   392 | D:2      | Gained mutation: You have large cloven feet. [demonic
                  | ancestry]
   392 | D:2      | Reached XP level 3. HP: 28/29 MP: 3/3
   902 | D:1      | Reached XP level 4. HP: 33/35 MP: 4/4
  1953 | D:3      | Slain by an orc

Illustrated notes

Levels and vault maps discovered:
D:1:      roderic_crop_circles_arrival_small, layout_basic, minmay_hedge_maze
D:2:      layout_rooms, minmay_split_cup_large
D:3:      layout_basic, kennysheep_generic_room_8

Skill      XL: |  1  2  3 |
---------------+----------+-----
Armour         | 3 |  3.4
Polearms       | 2 |  2.7
Shields        | 3 |  3.1
Fighting       | |  3.7
Dodging        | |  0.4
Stealth        | |  0.1

Action                   |  1- 3 |  4- 6 || total
-------------------------+-------+-------++-------
Melee: Trident           |   165 |    74 ||   239
       Kick              |    36 |    10 ||    46
  Use: Scroll            |       |     7 ||     7
       Potion            |       |     3 ||     3
Armor: Scale mail        |    46 |    27 ||    73
Dodge: Dodged            |    31 |    25 ||    56
Block: Kite shield       |    42 |    42 ||    84

Table legend: (Time is in decaauts)
 A = Elapsed time spent in this place.
 B = Non-inter-level travel time spent in this place.
 C = Inter-level travel time spent in this place.
 D = Time resting spent in this place.
 E = Time spent auto-exploring this place.
 F = Levels seen in this place.
 G = Mean time per level.
                   A        B        C        D        E       F      G
               +--------+--------+--------+--------+--------+-----+--------+
         Total |   2057 |   2023 |     34 |     74 |   1319 |   3 |  685.7 |
       Dungeon |   2057 |   2023 |     34 |     74 |   1319 |   3 |  685.7 |
               +--------+--------+--------+--------+--------+-----+--------+

Top non-repeatable levels by time:
     D:1: 1185 daAuts
     D:2: 619 daAuts
     D:3: 252 daAuts
